 Crawl Stoat Soup version 0.23-ish-327-95-g181beea39d (console) character file.

1035 hilarita the Ruffian (level 8, -6/75 HPs)
             Began as a Troll Hunter on Apr 14, 2024.
             Was a Follower of Qazlal.
             Mangled by an orc warrior
             ... wielding a +0 halberd
              (17 damage)
             ... on level 7 of the Dungeon.
             The game lasted 00:11:26 (4404 turns).

hilarita the Ruffian (Troll Hunter)                 Turns: 4404, Time: 00:11:26

Health: -6/75      AC:  7    Str: 27    XL:     8   Next: 3%
Magic:  9/9        EV: 10    Int:  7    God:    Qazlal [*.....]
Gold:   285        SH:  1    Dex: 10    Spells: 7/7 levels left

rFire    . . .     SeeInvis .     - Unarmed
rCold    + . .     Gourm    +   (no shield)
rNeg     . . .     Faith    .   b - +1 robe
rPois    .         Spirit   .   (helmet restricted)
rElec    +         Warding  .   (no cloak)
rCorr    .         Reflect  .   (gloves unavailable)
MR       .....     Harm     .   (boots unavailable)
Stlth    +.........             (no amulet)
HPRegen  0.62/turn              r - ring of flight
MPRegen  0.11/turn              t - ring "Fuitimpu" {rElec rC+ Str+4}

@: confused
A: large, unfitting armour, claws 3, fast metabolism 3, gourmand, regeneration
1, shaggy fur 1, tough skin 3
a: Renounce Religion, Evoke Flight


You were on level 7 of the Dungeon.
You worshipped Qazlal.
Qazlal was aware of your devotion.
You were not hungry.

You visited 1 branch of the dungeon, and saw 7 of its levels.

You collected 285 gold pieces.

Inventory:

Hand Weapons
 a - a +0 short sword of freezing
 v - a +1 flail of holy wrath
 y - the +6 whip of Doom {antimagic, rPois Str+4 Int-2 SInv, unknown}
   (You found it on level 5 of the Dungeon)

   It reduces the magical energy of the wielder, and disrupts the spells and
   magical abilities of those hit.
   Natural abilities and divine invocations are not affected.
   It affects your strength (+4).
   It affects your intelligence (-2).
   It protects you from poison.
   It lets you see invisible.
Missiles
 c - 5 large rocks (quivered)
 d - 2 throwing nets
 D - 5 steel javelins
Armour
 b - a +1 robe (worn)
Jewellery
 p - an uncursed ring of fire
 r - a ring of flight (left claw)
 t - the ring "Fuitimpu" (right claw) {rElec rC+ Str+4}
   (You found it on level 4 of the Dungeon)

   [ring of strength]

   It affects your strength (+4).
   It protects you from cold.
   It insulates you from electricity.
 C - an uncursed ring of wizardry
Wands
 x - a wand of flame (27 charges)
 z - a wand of iceblast (12 charges)
Scrolls
 k - 6 scrolls of remove curse
 w - a scroll of amnesia
 A - a scroll of immolation
 B - a scroll of noise
 E - a scroll of teleportation
Potions
 e - 3 potions of heal wounds
 g - 2 potions of mutation
 i - a potion of flight
 j - 2 potions of agility
 l - 2 potions of ambrosia
 m - 2 potions of might
 n - a potion of degeneration {unknown}
 o - 2 potions of curing {unknown}
 q - a potion of resistance {unknown}
 s - a potion of cancellation {unknown}
Comestibles
 f - 5 bread rations
 h - 4 fruits
 u - 2 meat rations


   Skills:
 + Level 3.3 Fighting
 + Level 4.9 Throwing
 + Level 3.4 Dodging
 - Level 0.3 Stealth
 * Level 5.2 Unarmed Combat
 * Level 3.4 Invocations


You had 7 spell levels left.
You didn't know any spells.
Your spell library was empty.

Dungeon Overview and Level Annotations

Branches:
Dungeon (7/15)             Temple (0/1) D:6

Altars:
Qazlal

Shops:
D:4 )


Innate Abilities, Weirdness & Mutations

You are too large for most types of armour.
You have claws for hands.
Your metabolism is lightning-fast.
You like to eat raw meat.
Your natural rate of healing is unusually fast.
You are covered in fur. (AC +1)
You have extremely tough skin. (AC +3)


Message History

Qazlal accepts your kill.
The orc warrior hits you but does no damage.
You claw the leopard gecko!
You kill the leopard gecko!
Qazlal accepts your kill.
The orc warrior hits you from afar with a halberd!
The orc warrior completely misses you.
Things that are here:
a short sword; an orc corpse You scratch the orc warrior but do no damage.
You scratch the orc warrior but do no damage.
The orc warrior barely misses you.
You scratch the orc warrior.
The orc warrior is lightly wounded.
The orc warrior hits you with a halberd!
* * * LOW HITPOINT WARNING * * *
You are confused.
You feel invigorated.
The orc warrior hits you with a halberd!
You die...

....# #. ...# #.
... .. ... ## #.
#.# ... #.##.#
....#..#.#######
........<.......
....#..$########
. +.#...)@o..#
#.#.####.......
# #.. .###.##
... .. ....# .#.
...... .#.#
.....#. ## #
....#.


You could see an orc warrior.

Vanquished Creatures
  Eustachio (D:5)
  A hungry ghost (D:4)
  Edmund (D:5)
  An ice beast (D:6)
  A centaur (D:6)
  A phantom (D:5)
  A bullfrog (D:5)
  A bullfrog skeleton (D:6)
  3 orc priests
  An orc wizard (D:3)
  3 worker ants
  2 adders
  A white imp (D:5)
  An adder zombie (D:6)
  An adder skeleton (D:5)
  2 worms
  2 dart slugs
  2 leopard geckos
  13 orcs
  4 giant cockroaches
  7 goblins
  7 hobgoblins
  15 jackals
  3 weasels
  2 ball pythons
  8 bats
  2 frilled lizards
  3 kobolds
  2 leopard gecko skeletons (D:5)
  6 rats
  A weasel skeleton (D:4)
99 creatures vanquished.

Notes
Turn   | Place    | Note
-------+----------+-------------------------------------------
     0 | D:1      | hilarita the Troll Hunter began the quest for the Orb.
     0 | D:1      | Reached XP level 1. HP: 19/19 MP: 0/0
   397 | D:1      | Reached skill level 1 in Unarmed Combat
   397 | D:1      | Reached XP level 2. HP: 28/28 MP: 1/1
   986 | D:2      | Reached XP level 3. HP: 35/35 MP: 2/2
  1226 | D:3      | Reached skill level 2 in Unarmed Combat
  1407 | D:3      | Reached XP level 4. HP: 39/42 MP: 3/3
  1558 | D:3      | Reached XP level 5. HP: 20/49 MP: 4/4
  1697 | D:3      | Reached skill level 3 in Unarmed Combat
  1828 | D:3      | Found a transporter.
  1873 | D:3      | Found a transporter.
  2230 | D:4      | Found Homuk's Supply Shoppe.
  2344 | D:4      | Got a vibrating jade ring
  2345 | D:4      | Identified the ring "Fuitimpu" {rElec rC+ Str+4} (You found
                  | it on level 4 of the Dungeon)
  2467 | D:4      | Found a stormy altar of Qazlal.
  2546 | D:4      | Became a worshipper of Qazlal Stormbringer
  2957 | D:4      | Noticed a hungry ghost
  2968 | D:4      | Killed a hungry ghost
  2968 | D:4      | Reached skill level 1 in Invocations
  2968 | D:4      | Reached XP level 6. HP: 54/59 MP: 4/6
  2986 | D:5      | Entered Level 5 of the Dungeon
  3036 | D:5      | Noticed Edmund
  3041 | D:5      | Killed Edmund
  3041 | D:5      | Reached skill level 4 in Unarmed Combat
  3339 | D:5      | Noticed Eustachio
  3341 | D:5      | Killed Eustachio
  3341 | D:5      | Reached XP level 7. HP: 67/67 MP: 7/7
  3387 | D:5      | Got an iridescent whip
  3997 | D:6      | Found a staircase to the Ecumenical Temple.
  4113 | D:6      | Reached skill level 5 in Unarmed Combat
  4141 | D:6      | Reached * piety under Qazlal
  4206 | D:6      | Reached XP level 8. HP: 75/75 MP: 9/9
  4403 | D:7      | HP: 6/75 [orc warrior/halberd (15)]
  4404 | D:7      | Mangled by an orc warrior

Vault maps used:
D:1:      erik_arrival_blinker_ship
D:3:      gammafunk_wand_slinger
D:4:      nicolae_qazlal_general_emergency, serial_shops, kennysheep_little_box
D:5:      first_bread, uniq_edmund, uniq_eustachio
D:6:      temple_fountains, hangedman_decor_growths
D:7:      corexii_leaking_fountain, uniq_duvessa

Skill      XL: |  1  2  3  4  5  6  7 |
---------------+----------------------+-----
Unarmed Combat | 1 2 3 4 5 |  5.2
Fighting       | 2 3 |  3.3
Dodging        | 2 3 |  3.4
Throwing       | 4 |  4.9
Invocations    | 1 2 3 |  3.4
Stealth        | |  0.3

Action                   |  1- 3 |  4- 6 |  7- 9 || total
-------------------------+-------+-------+-------++-------
Melee: Unarmed           |    86 |   124 |    68 ||   278
       Short sword       |     5 |       |       ||     5
       Punch             |     1 |     1 |     1 ||     3
Throw: Large rock        |       |     7 |     3 ||    10
 Abil: Stop Flying       |       |     1 |       ||     1
       Evoke Flight      |       |     1 |       ||     1
Evoke: Wand              |       |     3 |       ||     3
  Use: Scroll            |     8 |     3 |     3 ||    14
       Potion            |       |       |     1 ||     1
 Stab: Sleeping          |     1 |     1 |       ||     2
  Eat: Chunk             |    18 |    25 |     3 ||    46
Armor: Robe              |    36 |    46 |    21 ||   103
Dodge: Dodged            |    35 |    56 |    44 ||   135

Table legend:
 A = Spawn XP
 B = Non-spawn XP
 C = Spawn XP percentage of total XP
 D = Spawn monster count
 E = Non-spawn monster count
 F = Spawn count percentage of total count
 G = Total turns spent on level
                    A         B        C        D         E        F      G
               +---------+---------+-------+---------+---------+-------+---------
         Total |     242 |    1237 |  16.4 |      15 |      84 |  15.2 |  4404
               +---------+---------+-------+---------+---------+-------+---------
           D:1 |       9 |      12 |  42.9 |       5 |       8 |  38.5 |   579
           D:2 |       0 |      27 |   0.0 |       0 |      13 |   0.0 |   572
           D:3 |      61 |     157 |  28.0 |       9 |      25 |  26.5 |   922
           D:4 |     172 |      68 |  71.7 |       1 |      11 |   8.3 |   913
           D:5 |       0 |     583 |   0.0 |       0 |      13 |   0.0 |   909
           D:6 |       0 |     341 |   0.0 |       0 |      11 |   0.0 |   491
           D:7 |       0 |      49 |   0.0 |       0 |       3 |   0.0 |    18
               +---------+---------+-------+---------+---------+-------+---------
